 Dungeon Crawl Stone Soup version 0.30-a0-737-gf23d94013f (webtiles) character file.

Game seed: 16753202203872685172

2523 Zenkrye the Basher (level 9, 0/86 HPs)
             Began as an Armataur Fighter on Feb 2, 2023.
             Succumbed to an orc wizard's poison
             ... on level 6 of the Dungeon.
             The game lasted 00:13:58 (5247 turns).

Zenkrye the Basher (Armataur Fighter)               Turns: 5247, Time: 00:13:58

Health: 0/86       AC:  9    Str: 25    XL:     9   Next: 29%
Magic:  9/9        EV:  4    Int:  8    God:
Gold:   291        SH:  4    Dex: 11    Spells: 8/8 levels left

rFire   . . .      SeeInvis +    d - +1 whip (elec)
rCold   + . .      Faith    .    o - +0 buckler
rNeg    . . .      Spirit   .    k - +0 plate armour
rPois   .          Reflect  .    (no helmet)
rElec   .          Harm     .    (no cloak)
rCorr   .          Roll     +    (no gloves)
Will    .....                    (no barding) Stlth
                                 g - amulet of the acrobat
HPRegen 0.34/turn                h - ring of see invisible
MPRegen 0.11/turn                c - ring of protection from cold

@: lethally poisoned (0 -> -7)
A: large, rugged brown scales 3, deformed body, armoured tail, roll, long
tongue, awkward tongue
a: no special abilities


You were on level 6 of the Dungeon.
You visited 2 branches of the dungeon, and saw 7 of its levels.

You collected 291 gold pieces.

Inventory:

Hand Weapons
 a - a +0 flail
 d - a +1 whip of electrocution (weapon)
Missiles
 m - 2 poisoned darts (quivered)
Armour
 b - a +0 scale mail
 k - a +0 plate armour (worn)
 o - a +0 buckler (worn)
 v - a +0 pair of gloves
Jewellery
 c - a ring of protection from cold (right hand)
 g - an amulet of the acrobat (around neck)
 h - a ring of see invisible (left hand)
 r - a ring of resist corrosion
Wands
 n - a wand of quicksilver (5)
Scrolls
 f - 2 scrolls of magic mapping
 i - a scroll of identify {@r1}
 j - 2 scrolls of immolation {unknown}
 l - 2 scrolls of teleportation {@r3}
 w - a scroll of poison {unknown}
Potions
 e - a potion of magic
 q - 2 potions of mutation {unknown}
 s - a potion of haste {unknown}
 t - a potion of might {@q4}


   Skills:
 + Level 8.0 Fighting
 * Level 9.0 Maces & Flails
 - Level 3.6 Armour
 - Level 3.2 Shields


You had 8 spell levels left.
You didn't know any spells.
Your spell library was empty.

Dungeon Overview and Level Annotations

Branches:
Dungeon (6/15)             Temple (1/1) D:5

Altars:
Ashenzari
Cheibriados
Elyvilon
Fedhas
Gozag
Hepliaklqana
Kikubaaqudgha
Makhleb
Nemelex Xobeh
Qazlal
Ru
Sif Muna
Trog
Vehumet
Wu Jian
Xom
Yredelemnul
Zin
The Shining One


Innate Abilities, Weirdness & Mutations

You are completely covered in rugged brown scales. (AC +3, +7% HP)
Armour fits poorly on your strangely shaped body.
You have a long armoured tail.
You roll when moving toward enemies. (Rampage)
Your long tongue fully drains potion bottles. (2x potion effects)
Your tongue gives you trouble enunciating. (1.5x scroll delay)


Message History

The orc wizard flickers and vanishes for a moment.
The orc wizard hits you but does no damage.
You bump into the rock wall.
You feel sick.
The orc wizard hits you but does no damage.
You are more poisoned.
You whack the orc wizard!
The orc wizard is heavily wounded.
You feel sick.
The orc wizard hits you with a +0 dagger of venom.
* * * LOW HITPOINT WARNING * * *
You are more poisoned.
You bump into the rock wall.
* * * LOW HITPOINT WARNING * * *
You feel very sick.
The orc wizard gestures at you while chanting.
The magic dart hits the orc wizard.
The orc wizard dies!
The orc wizard gestures at you while chanting.
You easily resist.
Your life force feels restored.
You hit the orc wizard. You tail-slap the orc wizard.
You kill the orc wizard!
You feel less confused.
* * * LOW HITPOINT WARNING * * *
You feel very sick.
You slurp down every last drop of the black potion!
It was a potion of cancellation.
You feel magically purged.
* * * LOW HITPOINT WARNING * * *
You feel very sick.
You roll towards the orc wizard!
You hit the orc wizard but do no damage.
Your tail-slap misses the orc wizard.
* * * LOW HITPOINT WARNING * * *
You feel sick. The orc wizard casts a spell at you. The magic dart hits you!
* * * LOW HITPOINT WARNING * * *
You hit the orc wizard. You tail-slap the orc wizard.
The orc wizard is moderately wounded.
You die...

#.#.............)...........#.
#.######.##.#######...#'#####.
#.....##.##.# #...#.##....
##z##.##....# #...#.##.###
##รท##. ###### ###.#.##.###
#..##. #.#.##.... .....#.
#.#.######
#..###...############# #.#.# #
... #...#...))o@(...# #.#.#
####
.###.###.#)#########.###.#.#
#... . ..:..#.S.# #:....#.#
#.## . ##.###.#.#
#######.###.# .'o#.{)#.#
#.....# z###{....# #######
...#.### ...... #### ##


You could see an orc wizard.

Vanquished Creatures
  Pikel (D:4)
  3 water moccasins
  An orc warrior (D:6)
  A sky beast (D:6)
  2 ogres
  A lemure (D:4)
  A phantom (D:5)
  A kobold brigand (D:6)
  2 bullfrogs (D:6)
  2 necrophages
  2 scorpions
  2 wights (D:6)
  2 hounds
  A jelly (D:5)
  6 orc priests
  7 orc wizards
  3 iguanas
  4 gnolls
  7 adders
  A shadow imp (D:5)
  A white imp (D:5)
  An ufetubus (D:4)
  2 worms (D:2)
  3 dart slugs
  19 orcs
  7 ball pythons
  3 bats
  5 endoplasms
  A giant cockroach (D:3)
  7 goblins
  10 hobgoblins
  11 jackals
  4 quokkas
  4 frilled lizards
  17 kobolds
  4 rats
149 creatures vanquished.

Vanquished Creatures (others)
  2 orc wizards
2 creatures vanquished.

Grand Total: 151 creatures vanquished

Notes
Turn   | Place    | Note
-------+----------+-------------------------------------------
     0 | D:1      | Zenkrye the Armataur Fighter began the quest for the Orb.
     0 | D:1      | Reached XP level 1. HP: 19/19 MP: 1/1
    67 | D:1      | Reached skill level 2 in Maces & Flails
    88 | D:1      | Reached XP level 2. HP: 27/27 MP: 2/2
   321 | D:1      | Reached XP level 3. HP: 28/33 MP: 3/3
   824 | D:2      | Reached skill level 3 in Maces & Flails
   948 | D:2      | Reached XP level 4. HP: 41/42 MP: 4/4
  1433 | D:3      | Found a shimmering altar of Xom.
  1439 | D:3      | Found a blossoming altar of Fedhas.
  1702 | D:3      | Reached XP level 5. HP: 34/49 MP: 5/5
  1883 | D:3      | Reached skill level 4 in Maces & Flails
  2404 | D:4      | Reached XP level 6. HP: 43/58 MP: 6/6
  2491 | D:4      | Reached skill level 5 in Fighting
  2537 | D:4      | Noticed Pikel
  2561 | D:4      | Killed Pikel
  2562 | D:4      | Reached skill level 6 in Maces & Flails
  2562 | D:4      | Reached XP level 7. HP: 21/68 MP: 7/7
  3350 | D:5      | Entered Level 5 of the Dungeon
  3369 | D:5      | Reached XP level 8. HP: 69/75 MP: 8/8
  3645 | D:5      | Reached skill level 7 in Maces & Flails
  4307 | D:5      | Noticed a two-headed ogre
  4358 | D:5      | Found a staircase to the Ecumenical Temple.
  4378 | Temple   | Entered the Ecumenical Temple
  4818 | D:6      | Reached skill level 8 in Maces & Flails
  4929 | D:6      | Reached XP level 9. HP: 58/84 MP: 9/9
  5235 | D:6      | Reached skill level 9 in Maces & Flails
  5246 | D:6      | HP: 1/86 [orc wizard/magic dart (8)]
  5247 | D:6      | Succumbed to an orc wizard's poison

Illustrated notes

Levels and vault maps discovered:
D:1:      dpeg_arrival_boxorama, layout_basic, st_stairs_12
D:2:      layout_basic
D:3:      layout_basic, grunt_temple_overflow_open, kennysheep_generic_room_15
D:4:      layout_basic, uniq_pikel
D:5:      layout_rooms, minmay_temple_entry_waves, minmay_bent
D:6:      layout_basic, minmay_a_box_with_orc_wizards_in_it
Temple:   bh_familiar_temple

Skill      XL: |  1  2  3  4  5  6  7  8  9 |
---------------+----------------------------+-----
Maces & Flails | 2 3 4 6 8 9 |  9.0
Fighting       | 3 4 6 7 8 |  8.0
Armour         | |  3.6
Shields        | |  3.2

Action                     |  1- 3 |  4- 6 |  7- 9 || total
---------------------------+-------+-------+-------++-------
  Melee: Flail             |   115 |   152 |       ||   267
         Tailslap          |    10 |    21 |    32 ||    63
         Whip              |       |       |   259 ||   259
  Throw: Dart              |       |     4 |     1 ||     5
  Evoke: Wand              |       |       |     1 ||     1
    Use: Scroll            |       |     6 |     3 ||     9
         Potion            |       |     1 |     5 ||     6
 Armour: Scale mail        |    59 |    53 |       ||   112
         Plate armour      |       |    22 |   117 ||   139
  Dodge: Dodged            |    44 |    51 |    68 ||   163
  Block: Buckler           |    26 |    25 |    40 ||    91

Table legend: (Time is in decaauts)
 A = Elapsed time spent in this place.
 B = Non-inter-level travel time spent in this place.
 C = Inter-level travel time spent in this place.
 D = Time resting spent in this place.
 E = Time spent auto-exploring this place.
 F = Levels seen in this place.
 G = Mean time per level.
                   A        B        C        D        E       F      G
               +--------+--------+--------+--------+--------+-----+--------+
         Total |   5264 |   5049 |    215 |    374 |   3561 |   7 |  752.0 |
       Dungeon |   5071 |   4876 |    195 |    374 |   3392 |   6 |  845.2 |
        Temple |    193 |    173 |     20 |      0 |    169 |   1 |  193.0 |
               +--------+--------+--------+--------+--------+-----+--------+

Top non-repeatable levels by time:
     D:4: 1331 daAuts
     D:5: 946 daAuts
     D:3: 902 daAuts
     D:2: 778 daAuts
     D:1: 686 daAuts
     D:6: 425 daAuts
  Temple: 193 daAuts
